 Dungeon Crawl Stone Soup version 0.31.0-12-g77e489cdc1 (webtiles) character file.

Game seed: 14005750122588409032

7525 PriceMaster the Spear-Bearer (level 10, -7/135 HPs)
             Began as a Minotaur Fighter on Feb 16, 2024.
             Killed by an exploding seven-headed hydra (47 damage)
             ... ignited by their inner flame
             ... on level 9 of the Dungeon.
             The game lasted 00:16:04 (7466 turns).

PriceMaster the Spear-Bearer (Minotaur Fighter)     Turns: 7466, Time: 00:16:05

Health: -7/135     AC: 25    Str: 25    XL:     10   Next: 95%
Magic:  3/3        EV:  2    Int:  5    God:
Gold:   590        SH:  5    Dex: 10    Spells: 9/9 levels left

rFire   . . .        w - +3 trident (antimagic)
rCold   . . .        c - +0 buckler
rNeg    . . .        s - melded +4 Cigotuvi's embrace {Corpsefed rMiasma ^Drain rN+}
rPois   +            (helmet currently unavailable)
rElec   .            z - melded +1 cloak of Impatience {+Inv rN+ Int+2 Stlth+}
rCorr   .            g - melded +2 pair of gloves
SInv    .            E - melded +0 pair of boots
Will    .....        y - amulet of regeneration
Stlth   ++           (no ring)
HPRegen 1.22/turn    (no ring)
MPRegen 0.08/turn

%: no passive effects
@: lethally poisoned (-7 -> -10), tree-form
A: stationary, stasis, torment immunity, boosted hp, (horns 2), (retaliatory
headbutt), sense surroundings 1
a: no special abilities


You were on level 9 of the Dungeon.
You were a tree.
You visited 1 branch of the dungeon, and saw 9 of its levels.
You also visited: Sewer and Bailey.

You collected 590 gold pieces.

Inventory:

Hand Weapons
 a - a +0 long sword
 p - a +3 quarterstaff of chaos
 w - a +3 antimagic trident (weapon)
Missiles
 f - 11 poisoned darts
 j - 3 silver javelins (quivered)
 C - 2 throwing nets
Armour
 b - a +0 scale mail
 c - a +0 buckler (worn)
 g - a +2 pair of gloves (melded)
 q - a +1 cloak
 s - the +4 Cigotuvi's embrace (melded) {Corpsefed rMiasma ^Drain rN+}
   (You found it on level 3 of the Dungeon)

   Corpsefed: It gathers nearby corpses to temporarily increase the armour it
   provides.
   rMiasma:   It protects you from foul pestilence.
   rN+:       It protects you from negative energy.
   ^Drain:    It drains your maximum health when unequipped.
 z - the +1 cloak of Impatience (melded) {+Inv rN+ Int+2 Stlth+}
   (You found it in a bailey)

   Int+2:     It affects your intelligence (+2).
   rN+:       It protects you from negative energy.
   +Inv:      It lets you turn invisible.
   Stlth+:    It makes you more stealthy.
 E - a +0 pair of boots (melded)
Jewellery
 d - an amulet of faith
 m - the amulet of Tupseith {RegenMP rF+ rN+}
   (You took it off an orc wizard on level 7 of the Dungeon)

   [amulet of magic regeneration]

   RegenMP:   It increases your rate of magic regeneration.
   rF+:       It protects you from fire.
   rN+:       It protects you from negative energy.
 y - an amulet of regeneration (around neck)
Talismans
 k - a granite talisman
Wands
 v - a wand of polymorph (14)
 A - a wand of flame (22)
 D - a wand of iceblast (3)
 I - a wand of charming (6)
Scrolls
 l - 3 scrolls of poison
 n - a scroll of blinking {unknown}
 o - a scroll of enchant armour
 r - a scroll of revelation
 t - 3 scrolls of fog
 x - a scroll of noise
 G - a scroll of amnesia
 N - a scroll of teleportation
 O - 4 scrolls of identify
Potions
 e - a potion of curing
 h - 2 potions of lignification
 F - 2 potions of cancellation
 L - 2 potions of brilliance


   Skills:
 + Level 8.4 Fighting
 + Level 5.3 Long Blades
 + Level 11.1 Polearms
 + Level 1.6 Throwing
 + Level 5.6 Armour
 + Level 5.7 Dodging
 + Level 2.5 Stealth
 + Level 6.8 Shields
 + Level 1.1 Evocations
 * Level 5.8 Shapeshifting


You had 9 spell levels left.
You didn't know any spells.
Your spell library contained the following spells:

 Spells                   Type           Power      Damage    Failure   Level
 Sandblast                Erth           0%         2d4       52%         1
 Frozen Ramparts          Ice            0%         1d1       88%         3
 Passwall                 Erth           0%         N/A       88%         3
 Stone Arrow              Conj/Erth      0%         3d7       88%         3
 Tukima's Dance           Hex            0%         N/A       88%         3
 Volatile Blastmotes      Fire/Tloc      0%         2d10      88%         3
 Animate Armour           Summ/Erth      0%         N/A       99%         4
 Brom's Barrelling Bould  Conj/Erth      0%         2d3       99%         4
 Dimensional Bullseye     Hex/Tloc       0%         N/A       99%         4
 Fulminant Prism          Conj/Alch      0%         3d5       99%         4
 Ignite Poison            Fire/Alch      0%         N/A       99%         4
 Iskenderun's Mystic Bla  Conj/Tloc      0%         2d3       99%         4
 Leda's Liquefaction      Alch/Erth      0%         N/A       99%         4
 Petrify                  Alch/Erth      0%         N/A       99%         4
 Sticky Flame             Fire/Alch      0%         2d4       99%         4
 Summon Lightning Spire   Summ/Air       0%         N/A       99%         4
 Lee's Rapid Deconstruct  Erth           0%         3d4*      100%        5
 Metabolic Englaciation   Hex/Ice        0%         N/A       100%        5
 Summon Forest            Summ/Tloc      0%         N/A       100%        5
 Eringya's Noxious Bog    Alch           0%         4d6       100%        6
 Summon Hydra             Summ           0%         N/A       100%        7
 Ignition                 Fire           0%         3d3       100%        8


Dungeon Overview and Level Annotations

Branches:
Dungeon (9/15)             Temple (0/1) D:6           Sewer (visited)
 Bailey (visited)
   Lair: D:8-11         Orc: D:9-12

Altars:
Kikubaaqudgha
Makhleb
Qazlal
Sif Muna
Uskayaw

Shops:
D:1 !   D:6 *   D:7 *

Annotations:
D:5 2 transporters


Innate Abilities, Weirdness & Mutations

You are a tree.
Your roots penetrate the ground, keeping you stationary.
You cannot be teleported.
You are immune to unholy pain and torment.
Your maximum health is greatly increased.
Your equipment is partially melded.
((You have a pair of horns on your head.))
((You reflexively headbutt those who attack you in melee.))
You passively map a small area around you.


Message History

The seven-headed hydra bites you. The seven-headed hydra bites you!
The seven-headed hydra bites you but does no damage.
You puncture the killer bee!
Flame seeps out of the killer bee.
The killer bee is severely wounded.
You feel sick.
The killer bee stings you but does no damage. x3
The killer bee stings you.
The killer bee is engulfed in blazing flames.
Flame seeps out of the killer bee.
The killer bee stings you but does no damage.
You block the killer bee's attack.
The killer bee stings you but does no damage.
The killer bee is engulfed in blazing flames.
The killer bee explodes!
The fiery explosion engulfs the killer bee!
The fiery explosion engulfs the vampire mosquito!!
The fiery explosion engulfs you.
The fiery explosion engulfs the killer bee!!
The fiery explosion engulfs the killer bee!
Flame seeps out of the killer bee.
The killer bee is almost dead.
The fiery explosion engulfs the killer bee!! x2
The killer bee explodes!
The fiery explosion engulfs the killer bee!
The fiery explosion engulfs the seven-headed hydra!!
Flame seeps out of the seven-headed hydra.
The seven-headed hydra is moderately wounded.
The fiery explosion engulfs you.
* * * LOW HITPOINT WARNING * * *
The fiery explosion engulfs the killer bee!! x2
The killer bee explodes!
The fiery explosion engulfs you but does no damage.
The fiery explosion engulfs the seven-headed hydra!!
Flame seeps out of the seven-headed hydra.
The seven-headed hydra is severely wounded.
The killer bee explodes!
The fiery explosion engulfs the seven-headed hydra!!
The seven-headed hydra explodes!
The fiery explosion engulfs you!!!
You die...

####. #....# **
###....#####....#
................# ,
................# , ,
................# , ,
...........###..########
* ...........#
#.......... ,*,
......§§§### #..........
, ......○♣§# #..........
.....§§§§# ##...##....
......§§#y#, #...#.###.
....T.§§###, ,#.####..#.
......... ,#.#...#### ,
,......... ######.... ,
......... *,#|....####
........## *########...
, , * .)# #.......


You could see a troll (inner flame) and a vampire mosquito (inner flame).

Vanquished Creatures
  2 hydras (D:9)
  A boulder beetle (D:9)
  A two-headed ogre (D:8)
  Pikel (D:7)
  An orc knight (Bailey)
  A deep elf zephyrmancer (Bailey)
  Maggie (D:7)
  Prince Ribbit (D:7)
  A steam dragon (D:8)
  2 vampire mosquitoes (D:9)
  Menkaure (D:6)
  5 orc warriors
  Pargi (Sewer)
  4 ice beasts
  2 sky beasts
  A laughing skull (D:9)
  An ogre (D:5)
  4 centaurs
  A phantom (D:6)
  A kobold brigand (D:9)
  5 bullfrogs
  A gnoll sergeant (D:8)
  4 wights (D:6)
  9 killer bees (D:9)
  3 howler monkeys
  2 bombardier beetles
  A hound (D:5)
  A jelly (D:6)
  4 orc priests
  Crazy Yiuf (D:2)
  A gnoll bouda (D:8)
  Natasha (twice) (D:2)
  5 iguanas
  10 orc wizards
  8 adders
  14 gnolls
  A shadow imp (D:7)
  2 ufetubi (D:5)
  3 ribbon worms
  40 orcs
  6 ball pythons
  5 bats
  9 endoplasms
  4 giant cockroaches
  14 goblins
  8 hobgoblins
  3 jackals (Sewer)
  10 kobolds
  9 quokkas
  3 frilled lizards
  4 rats
225 creatures vanquished.

Notes
Turn   | Place    | Note
-------+----------+-------------------------------------------
     0 | D:1      | PriceMaster the Minotaur Fighter began the quest for the
                  | Orb.
     0 | D:1      | Reached XP level 1. HP: 19/19 MP: 0/0
   139 | D:1      | Found Huytre's Distillery.
   159 | D:1      | Reached XP level 2. HP: 26/27 MP: 1/1
   855 | D:2      | Noticed Natasha
   861 | D:2      | Killed Natasha
   862 | D:2      | Reached XP level 3. HP: 32/33 MP: 2/2
   958 | D:2      | Reached XP level 4. HP: 26/40 MP: 3/3
  1296 | D:2      | Noticed Natasha
  1303 | D:2      | Killed Natasha
  1304 | D:2      | Reached skill level 1 in Throwing
  1489 | D:2      | Found a runed translucent door.
  1490 | D:2      | Noticed Crazy Yiuf
  1495 | D:2      | Killed Crazy Yiuf
  1496 | D:2      | Reached skill level 1 in Shapeshifting
  1496 | D:2      | Reached XP level 5. HP: 43/47 MP: 4/4
  1588 | D:3      | Found the +4 Cigotuvi's embrace {Corpsefed rMiasma ^Drain
                  | rN+}
  2112 | D:3      | Reached skill level 1 in Dodging
  2764 | D:4      | Reached XP level 6. HP: 37/53 MP: 0/5
  3428 | D:5      | Entered Level 5 of the Dungeon
  3446 | D:5      | Reached skill level 5 in Long Blades
  3464 | D:5      | Found an ancient bone altar of Kikubaaqudgha.
  3509 | D:5      | Found a transporter.
  3533 | D:5      | Noticed an ice beast
  3543 | D:5      | Killed an ice beast
  3544 | D:5      | Reached skill level 1 in Polearms
  3551 | D:5      | Reached XP level 7. HP: 50/60 MP: 2/6
  3613 | D:5      | Found a transporter.
  3626 | D:5      | Reached skill level 5 in Fighting
  3661 | D:5      | Reached skill level 2 in Polearms
  4111 | D:5      | Reached skill level 3 in Polearms
  4286 | D:6      | Found a stormy altar of Qazlal.
  4287 | D:6      | Noticed a water elemental
  4289 | D:6      | Noticed an air elemental
  4289 | D:6      | Noticed a fire elemental
  4318 | D:6      | Found a staircase to the Ecumenical Temple.
  4333 | D:6      | Noticed Menkaure
  4339 | D:6      | Killed Menkaure
  4400 | D:6      | Found a glowing drain.
  4411 | Sewer    | Entered a sewer
  4478 | Sewer    | Noticed Pargi
  4486 | Sewer    | Killed Pargi
  4487 | Sewer    | Reached skill level 4 in Polearms
  4487 | Sewer    | Reached skill level 1 in Stealth
  4487 | Sewer    | Reached XP level 8. HP: 69/69 MP: 2/7
  4585 | D:6      | Reached skill level 5 in Shields
  4620 | D:6      | Found Hurople's General Store.
  4779 | D:6      | Reached skill level 5 in Polearms
  5046 | D:6      | Reached skill level 6 in Polearms
  5438 | D:7      | Reached XP level 9. HP: 70/78 MP: 2/8
  5438 | D:7      | Noticed Prince Ribbit
  5449 | D:7      | Killed Prince Ribbit
  5554 | D:7      | Found Vogy's General Store.
  5667 | D:7      | Reached skill level 7 in Polearms
  5698 | D:7      | Noticed Pikel
  5704 | D:7      | Killed Pikel
  5705 | D:7      | Reached skill level 5 in Armour
  5924 | D:7      | Identified the amulet of Tupseith {RegenMP rF+ rN+}
  6061 | D:7      | Noticed Maggie
  6069 | D:7      | Killed Maggie
  6070 | D:7      | Reached skill level 8 in Polearms
  6201 | D:7      | Found a shimmering blue altar of Sif Muna.
  6297 | D:8      | Gained mutation: Potions are less effective at restoring
                  | your health. [potion of mutation]
  6297 | D:8      | Gained mutation: Your system is resistant to poisons.
                  | (rPois) [potion of mutation]
  6371 | D:8      | Found a hide-covered altar of Uskayaw.
  6371 | D:8      | Found a burning altar of Makhleb.
  6383 | D:8      | Reached skill level 5 in Shapeshifting
  6507 | D:8      | Reached XP level 10. HP: 86/86 MP: 3/9
  6689 | D:8      | Noticed a two-headed ogre
  6691 | D:8      | Lost mutation: Potions are less effective at restoring your
                  | health. [potion of mutation]
  6691 | D:8      | Lost mutation: Your system is resistant to poisons. (rPois)
                  | [potion of mutation]
  6691 | D:8      | Gained mutation: You passively map a small area around you.
                  | [potion of mutation]
  6691 | D:8      | Gained mutation: Your body sometimes deteriorates upon
                  | taking damage. [potion of mutation]
  6692 | D:8      | Lost mutation: You passively map a small area around you.
                  | [potion of mutation]
  6692 | D:8      | Lost mutation: Your body sometimes deteriorates upon taking
                  | damage. [potion of mutation]
  6692 | D:8      | Gained mutation: You passively map a small area around you.
                  | [potion of mutation]
  6703 | D:8      | Killed a two-headed ogre
  6704 | D:8      | Reached skill level 9 in Polearms
  6914 | D:8      | Found a flagged portal.
  6928 | Bailey   | Entered a bailey
  7010 | Bailey   | Found a large runed translucent door.
  7010 | Bailey   | Found a large runed translucent door.
  7011 | Bailey   | Noticed a deep elf zephyrmancer
  7017 | Bailey   | Noticed an orc knight
  7036 | Bailey   | Killed an orc knight
  7037 | Bailey   | Reached skill level 10 in Polearms
  7070 | Bailey   | Killed a deep elf zephyrmancer
  7071 | Bailey   | Reached skill level 5 in Dodging
  7094 | Bailey   | Identified the +1 cloak of Impatience {+Inv rN+ Int+2
                  | Stlth+}
  7282 | D:9      | Noticed a boulder beetle
  7325 | D:9      | Killed a boulder beetle
  7369 | D:9      | Noticed a five-headed hydra
  7385 | D:9      | Killed a five-headed hydra
  7386 | D:9      | Reached skill level 11 in Polearms
  7386 | D:9      | Reached skill level 1 in Evocations
  7460 | D:9      | Noticed a seven-headed hydra
  7466 | D:9      | Killed a seven-headed hydra
  7466 | D:9      | Killed by an exploding seven-headed hydra... ignited by
                  | their inner flame

Illustrated notes

Levels and vault maps discovered:
D:1:      wander_arrival_chamber, layout_rooms, serial_shops, shop,
          serial_forest, infiniplex_forest_clump_long,
          infiniplex_forest_straight_5, infiniplex_forest_straight_1,
          infiniplex_forest_straight_4, infiniplex_forest_diagonal,
          nicolae_figureground_sparkle
D:2:      cheibrodos_helix_gallery, layout_basic, uniq_crazy_yiuf_cottage,
          uniq_natasha
D:3:      layout_loops_ring, minmay_increasing_density
D:4:      layout_loops_cross
D:5:      gammafunk_steamed_eel, layout_cave_pools,
          nicolae_kikubaaqudgha_miasma_corner, lemuel_flame_loot_1
D:6:      layout_loops_ring, nicolae_qazlal_style_of_elements, temple_fountains,
          gup_sewer_entry_pipe, serial_shops, nicolae_shop_just_a_little_nook,
          uniq_menkaure
D:7:      layout_loops_corners, nicolae_sif_muna_little_library, serial_shops,
          nicolae_shop_real_fake_doors, minmay_stone_trees_small, uniq_duvessa,
          uniq_prince_ribbit1, uniq_maggie, uniq_pikel
D:8:      layout_cave_pools, jmf_multi_god_temple, enter_bailey_7
D:9:      minmay_chopped_fan, layout_irregular_city, nicolae_gozag_seed_capital,
          orc_david_3

Skill      XL: |  1  2  3  4  5  6  7  8  9 10 |
---------------+-------------------------------+-----
Shields        | 4 5 6 |  6.8
Fighting       | 4 5 6 7 8 |  8.4
Armour         | 4 5 |  5.6
Long Blades    | 3 4 5 |  5.3
Throwing       | 1 |  1.6
Shapeshifting  | 1 2 4 5 |  5.8
Dodging        | 1 2 3 4 5 |  5.7
Polearms       | 1 4 6 8 11 | 11.1
Stealth        | 1 2 |  2.5
Evocations     | 1 |  1.1

Action                     |  1- 3 |  4- 6 |  7- 9 | 10-12 || total
---------------------------+-------+-------+-------+-------++-------
  Melee: Long sword        |    50 |   107 |       |       ||   157
         Headbutt          |     6 |    21 |    43 |    18 ||    88
         Trident           |       |    56 |   278 |   179 ||   513
  Throw: Javelin           |    13 |    19 |       |       ||    32
         Dart              |       |     3 |       |       ||     3
  Evoke: Wand              |       |       |     3 |     8 ||    11
    Use: Scroll            |     2 |     7 |     6 |     3 ||    18
         Potion            |       |     2 |     8 |    14 ||    24
   Stab: Sleeping          |       |       |     2 |       ||     2
 Armour: Scale mail        |    37 |    22 |       |       ||    59
         Skin              |     1 |       |       |    88 ||    89
         Leather armour    |       |    95 |   152 |   129 ||   376
  Dodge: Dodged            |    40 |    85 |   112 |    75 ||   312
  Block: Buckler           |    10 |    33 |    48 |    46 ||   137
         Form:             |     1 |     1 |       |       ||     2
         Statue            |     1 |     1 |       |       ||     2
